 Dungeon Crawl Stone Soup version 0.31-a0-538-gbc85326fa9 (webtiles) character file.

Game seed: 5506999645808554453

5652 CraigForest the Slicer (level 10, 0/91 HPs)
             Began as a Minotaur Monk on Aug 13, 2023.
             Was a High Priest of Nemelex Xobeh.
             Slain by a skeletal warrior
             ... wielding a +0 morningstar
              (15 damage)
             ... on level 7 of the Dungeon.
             The game lasted 00:18:51 (4798 turns).

CraigForest the Slicer (Minotaur Monk)              Turns: 4798, Time: 00:18:51

Health: 0/91       AC: 17    Str: 16    XL:     10   Next: 46%
Magic:  9/9        EV:  8    Int:  7    God:    Nemelex Xobeh [*****.]
Gold:   381        SH:  0    Dex: 20    Spells: 9/9 levels left

rFire   . . .        K - +1 scimitar
rCold   + + .        t - orb of Agnosticism {*Rage, rC+ Regen+ Slay+2}
rNeg    . . .        G - +2 plate armour "Gisi Tayr" {Dex+3}
rPois   .            (helmet restricted)
rElec   .            (no cloak)
rCorr   +            (no gloves)
SInv    .            s - +0 pair of boots
Will    .....        (no amulet) Stlth
                     y - ring of protection from cold
HPRegen 1.15/turn    r - ring of resist corrosion
MPRegen 0.11/turn

%: random rage (20%)
@: on berserk cooldown, slowed, very slow
A: horns 2, retaliatory headbutt
a: Renounce Religion, Draw Escape, Draw Destruction, Draw Summoning, Triple
Draw, Deal Four, Stack Five


You were on level 7 of the Dungeon.
You worshipped Nemelex Xobeh.
Nemelex Xobeh was extremely pleased with you.
You visited 1 branch of the dungeon, and saw 7 of its levels.

You collected 381 gold pieces.

Inventory:

Hand Weapons
 a - a +0 falchion
 g - a +2 short sword of holy wrath
 K - a +1 scimitar (weapon)
Missiles
 l - 11 boomerangs
 E - a throwing net
Armour
 b - a +0 robe
 d - an orb of light
 f - a +0 leather armour
 o - a +0 plate armour
 s - a +0 pair of boots (worn)
 t - the orb of Agnosticism (worn) {*Rage, rC+ Regen+ Slay+2}
   (You found it on level 4 of the Dungeon)

   Slay+2:    It affects your accuracy & damage with ranged weapons and melee
   (+2).
   rC+:       It protects you from cold.
   Regen+:    It increases your rate of health regeneration.
 u - a +0 chain mail
 G - the +2 plate armour "Gisi Tayr" (worn) {Dex+3}
   (You found it on level 4 of the Dungeon)

   Dex+3:     It affects your dexterity (+3).
Jewellery
 m - a ring of magical power
 r - a ring of resist corrosion (right hand)
 y - a ring of protection from cold (left hand)
 I - an amulet of reflection
Wands
 q - a wand of flame (48)
Scrolls
 e - a scroll of poison
 i - 3 scrolls of fear {unknown}
 k - 4 scrolls of teleportation
 p - 2 scrolls of enchant armour {unknown}
 A - a scroll of vulnerability {unknown}
 D - a scroll of amnesia {unknown}
 F - a scroll of revelation {unknown}
 H - a scroll of blinking {unknown}
Potions
 c - 3 potions of ambrosia
 h - 3 potions of enlightenment
 j - 2 potions of resistance {unknown}
 n - a potion of lignification {unknown}
 v - a potion of attraction {unknown}
 w - a potion of curing
 x - 2 potions of heal wounds
 z - a potion of haste {unknown}
 B - 2 potions of magic {unknown}
 C - a potion of invisibility {unknown}
 J - a potion of cancellation {unknown}


   Skills:
 + Level 9.0 Fighting
 + Level 10.0(10.8) Short Blades
 + Level 7.3(10.1) Long Blades
 + Level 9.9 Armour
 + Level 6.0 Dodging


You had 9 spell levels left.
You didn't know any spells.
Your spell library contained the following spells:

 Spells                   Type           Power      Damage    Failure   Level
 Shock                    Conj/Air       0%         1d3       100%        1
 Sting                    Tmut/Pois      0%         1d3       100%        1
 Blink                    Tloc           0%         N/A       100%        2
 Poisonous Vapours        Pois/Air       0%         N/A       100%        2
 Call Canine Familiar     Summ           0%         N/A       100%        3
 Portal Projectile        Hex/Tloc       0%         N/A       100%        3
 Swiftness                Air            0%         N/A       100%        3
 Airstrike                Air            0%         2d(0-16)  100%        4
 Leda's Liquefaction      Hex/Erth       0%         N/A       100%        4
 Manifold Assault         Tloc           0%         N/A       100%        4
 Olgreb's Toxic Radiance  Pois           0%         N/A       100%        4
 Dispersal                Tloc           0%         N/A       100%        6
 Disjunction              Tloc           0%         N/A       100%        8


Dungeon Overview and Level Annotations

Branches:
Dungeon (7/15)             Temple (0/1) D:7

Altars:
Dithmenos
Elyvilon
Gozag
Makhleb
Nemelex Xobeh
Uskayaw
Vehumet


Innate Abilities, Weirdness & Mutations

You have a pair of horns on your head.
You reflexively headbutt those who attack you in melee.


Message History

The skeletal warrior hits you with a +0 morningstar.
You barely miss the skeletal warrior.
The skeletal warrior is lightly damaged.
The skeletal warrior hits you with a +0 morningstar.
The skeletal warrior hits you with a +0 morningstar!
* * * LOW HITPOINT WARNING * * *
You have drawn the Orb.
Press: ? - help, Shift-Dir - straight line, f - skeletal warrior
Aim: a skeletal warrior, wielding a +0 morningstar (lightly damaged)
The wavering orb of destruction weakly hits the skeletal warrior!
The skeletal warrior is moderately damaged.
Your orb of destruction hits a tree.
Your orb of destruction hits a stone wall.
Your orb of destruction hits a stone wall.
Your orb of destruction hits a tree.
The skeletal warrior barely misses you. You furiously retaliate!
You headbutt the skeletal warrior!
Your orb of destruction hits a stone wall.
You hit the skeletal warrior.
Your headbutt misses the skeletal warrior.
The skeletal warrior is severely damaged.
The skeletal warrior hits you but does no damage.
The skeletal warrior hits you with a +0 morningstar.
* * * LOW HITPOINT WARNING * * *
You have drawn the Orb.
Press: ? - help, Shift-Dir - straight line, f - skeletal warrior
Aim: a skeletal warrior, wielding a +0 morningstar (severely damaged)
The wavering orb of destruction weakly hits the skeletal warrior!
The skeletal warrior is severely damaged.
The skeletal warrior hits you but does no damage.
Unknown command.
You slash the skeletal warrior!
The skeletal warrior is almost destroyed.
The skeletal warrior hits you with a +0 morningstar!
* * * LOW HITPOINT WARNING * * *
You closely miss the skeletal warrior.
Your headbutt misses the skeletal warrior.
The skeletal warrior is almost destroyed.
The skeletal warrior hits you with a +0 morningstar!
You die...
Your body glows with a rainbow of weird colours and disappears.

..#####....# ####...#
#... ..# ###### #...#
#... ..# #...# #...
..# #...# #### ..#
#.).# ###
######.♣z#...#
#....o...#####
#####z##### ####
♣.....@...♣ #..#
♣..♣♣♣♣.♣♣♣♣..♣ #..#
♣...)...♣ #...
♣..♣♣♣♣.♣♣♣♣..♣ #.#.
♣...).)...♣ ♣♣♣#.#.
#####)######## ..#.#.
#...#.♣ ♣.#♣♣♣♣.#.#.
♣...♣.♣♣♣.♣....)#.#.
.'>8<'.♣.♣...♣♣♣.)...


You could see a skeletal warrior.

Vanquished Creatures
  Pikel (D:7)
  A gargoyle (D:7)
  Grinder (D:3)
  Sigmund (D:3)
  A wraith (D:7)
  4 yaks (D:6)
  A vampire mosquito (D:7)
  A steam dragon (D:7)
  4 water moccasins
  An orc warrior (D:7)
  4 sky beasts
  3 ice beasts
  2 black bears
  An ogre (D:5)
  A centaur (D:5)
  A lemure (D:7)
  A kobold brigand (D:6)
  2 phantoms
  A bullfrog (D:7)
  5 scorpions
  3 wights (D:6)
  7 killer bees
  2 howler monkeys (D:7)
  A crimson imp (D:4)
  2 hounds (D:6)
  3 jellies
  A sleepcap (D:4)
  A gnoll bouda (D:4)
  5 orc priests
  Terence (D:3)
  5 iguanas
  4 orc wizards
  16 gnolls
  4 adders
  A shadow imp (D:6)
  3 white imps
  3 dart slugs
  19 orcs
  8 endoplasms
  2 giant cockroaches
  2 hobgoblins
  11 kobolds
  2 quokkas
  2 ball pythons
  6 bats (D:2)
  7 frilled lizards
  3 goblins
  5 rats
  A butterfly (D:7)
167 creatures vanquished.

Vanquished Creatures (others)
  An orc (D:5)
1 creature vanquished.

Grand Total: 168 creatures vanquished

Notes
Turn   | Place    | Note
-------+----------+-------------------------------------------
     0 | D:1      | CraigForest the Minotaur Monk began the quest for the Orb.
     0 | D:1      | Reached XP level 1. HP: 19/19 MP: 0/0
   101 | D:1      | Reached XP level 2. HP: 25/27 MP: 1/1
   163 | D:1      | Found a faded altar of an unknown god.
   169 | D:1      | Prayed at the altar of an unknown god.
   169 | D:1      | Became a worshipper of Nemelex Xobeh the Trickster
   169 | D:1      | Reached * piety under Nemelex Xobeh
   169 | D:1      | Received a gift from Nemelex Xobeh
   169 | D:1      | Reached ** piety under Nemelex Xobeh
   169 | D:1      | Received a gift from Nemelex Xobeh
   366 | D:1      | Reached *** piety under Nemelex Xobeh
   776 | D:2      | Reached XP level 3. HP: 32/33 MP: 2/2
  1007 | D:2      | Received a gift from Nemelex Xobeh
  1744 | D:3      | Noticed Sigmund
  1753 | D:3      | Killed Sigmund
  1754 | D:3      | Reached skill level 2 in Short Blades
  1754 | D:3      | Reached skill level 5 in Long Blades
  1754 | D:3      | Reached XP level 4. HP: 35/41 MP: 3/3
  1754 | D:3      | Reached XP level 5. HP: 40/47 MP: 4/4
  1811 | D:3      | Received a gift from Nemelex Xobeh
  1822 | D:3      | Noticed Terence
  1833 | D:3      | Killed Terence
  1834 | D:3      | Reached skill level 3 in Short Blades
  2161 | D:3      | Noticed Grinder
  2162 | D:3      | Paralysed by Grinder for 4 turns
  2170 | D:3      | Killed Grinder
  2171 | D:3      | Reached skill level 5 in Fighting
  2171 | D:3      | Reached skill level 4 in Short Blades
  2171 | D:3      | Reached XP level 6. HP: 56/56 MP: 5/5
  2450 | D:3      | Found an opulent altar of Gozag.
  2643 | D:4      | Reached XP level 7. HP: 38/61 MP: 6/6
  2649 | D:4      | Identified the orb of Agnosticism {*Rage, rC+ Regen+
                  | Slay+2}
  2660 | D:4      | Reached **** piety under Nemelex Xobeh
  2683 | D:4      | Found a burning altar of Makhleb.
  2686 | D:4      | Found a radiant altar of Vehumet.
  2787 | D:4      | Reached skill level 5 in Short Blades
  2865 | D:4      | Identified the +2 plate armour "Gisi Tayr" {Dex+3}
  3101 | D:5      | Entered Level 5 of the Dungeon
  3101 | D:5      | Received a gift from Nemelex Xobeh
  3111 | D:5      | Reached skill level 6 in Short Blades
  3119 | D:5      | Reached XP level 8. HP: 61/70 MP: 7/7
  3135 | D:5      | Reached skill level 5 in Dodging
  3181 | D:4      | Reached skill level 7 in Short Blades
  3220 | D:5      | Reached skill level 5 in Armour
  3399 | D:5      | Identified the +2 scale mail "Plog" {Str+3}
  3425 | D:5      | Received a gift from Nemelex Xobeh
  3753 | D:6      | Found a shadowy altar of Dithmenos.
  3754 | D:6      | Found a white marble altar of Elyvilon.
  3756 | D:6      | Found a hide-covered altar of Uskayaw.
  3766 | D:6      | Received a gift from Nemelex Xobeh
  3771 | D:6      | Reached skill level 8 in Short Blades
  3771 | D:6      | Reached XP level 9. HP: 73/79 MP: 8/8
  3817 | D:6      | Reached ***** piety under Nemelex Xobeh
  4056 | D:6      | Reached skill level 9 in Short Blades
  4460 | D:7      | Found a staircase to the Ecumenical Temple.
  4649 | D:7      | Reached XP level 10. HP: 90/90 MP: 9/9
  4749 | D:7      | Noticed Pikel
  4754 | D:7      | Noticed a gargoyle
  4763 | D:7      | Killed Pikel
  4776 | D:7      | Killed a gargoyle
  4777 | D:7      | Reached skill level 10 in Short Blades
  4785 | D:7      | Received a gift from Nemelex Xobeh
  4785 | D:7      | Noticed a skeletal warrior
  4798 | D:7      | Slain by a skeletal warrior

Illustrated notes

Levels and vault maps discovered:
D:1:      nzn_arrival_crosshair, layout_loops_ring,
          shapermc_ecumenical_altar_mp_ritualfount, minmay_pentomino_p4
D:2:      layout_basic
D:3:      layout_loops_ring, nicolae_gozag_cash_rules_everything_around_me,
          uniq_sigmund, uniq_grinder, uniq_terence
D:4:      layout_cave_pools, grunt_temple_overflow_lords_of_destruction
D:5:      layout_cave_pools, minmay_diced_spiral
D:6:      layout_loops_ring, chequers_temple_overflow_statue_of_worship
D:7:      nzn_winding_woodlands_stair_cross
          [nzn_winding_woodlands_5x15_sidewinder,
          nzn_winding_woodlands_center_diamonds,
          nzn_winding_woodlands_5x15_pool, nzn_winding_woodlands_5x5_three,
          nzn_winding_woodlands_5x5_cross, nzn_winding_woodlands_5x15_eye,
          nzn_winding_woodlands_center_lodge,
          nzn_winding_woodlands_5x15_pathside_ponds], layout_basic,
          minmay_temple_entry_butterflies, uniq_pikel

Skill      XL: |  1  2  3  4  5  6  7  8  9 10 |
---------------+-------------------------------+-----
Long Blades    | 4 5 7 |  7.3
Fighting       | 4 5 7 8 9 |  9.0
Short Blades   | 2 4 6 8 9 10 | 10.0
Armour         | 2 3 4 6 8 9 |  9.9
Dodging        | 4 5 6 |  6.0

Action                     |  1- 3 |  4- 6 |  7- 9 | 10-12 || total
---------------------------+-------+-------+-------+-------++-------
  Melee: Falchion          |    20 |       |       |       ||    20
         Headbutt          |    11 |    18 |    56 |     9 ||    94
         Short sword       |    48 |    58 |   195 |       ||   301
         Scimitar          |       |       |    27 |    49 ||    76
 Invoke: Draw Destruction  |       |     4 |    22 |     7 ||    33
    Use: Scroll            |       |     3 |     2 |     1 ||     6
         Potion            |       |       |     1 |       ||     1
 Armour: Leather armour    |    18 |     4 |     1 |       ||    23
         Plate armour      |       |       |   161 |    35 ||   196
  Dodge: Dodged            |    37 |    22 |    96 |    15 ||   170

Table legend: (Time is in decaauts)
 A = Elapsed time spent in this place.
 B = Non-inter-level travel time spent in this place.
 C = Inter-level travel time spent in this place.
 D = Time resting spent in this place.
 E = Time spent auto-exploring this place.
 F = Levels seen in this place.
 G = Mean time per level.
                   A        B        C        D        E       F      G
               +--------+--------+--------+--------+--------+-----+--------+
         Total |   4870 |   4698 |    172 |     46 |   3499 |   7 |  695.7 |
       Dungeon |   4870 |   4698 |    172 |     46 |   3499 |   7 |  695.7 |
               +--------+--------+--------+--------+--------+-----+--------+

Top non-repeatable levels by time:
     D:2: 1123 daAuts
     D:3: 832 daAuts
     D:6: 777 daAuts
     D:4: 610 daAuts
     D:1: 601 daAuts
     D:5: 535 daAuts
     D:7: 389 daAuts
